Map: Rovine di Seras

Players

Jonny

  • Race: Protoss Protoss
  • League: Diamond

Mørtebianca

  • Race: Protoss Protoss
  • League: Diamond

Bärle

  • Race: Zerg Zerg
  • League: Diamond

Jhyrachy

  • Race: Zerg Zerg
  • League: Bronze

VOD

Have the link to the VOD?

Description

Time

  • Played on: Dec. 2, 2015, 6:38 p.m.
  • Length: 10:56
Show
View Real Time Build Order
Export as new Build Order

Jonny Protoss 

Build Orders: Nexus First, Oracle Opening 

Get SALT Encoding   

  12  0:01  Probe (Chrono Boost)  
  13  0:12  Probe (Chrono Boost)  
  14  0:19  Pylon  
  14  0:23  Probe (Chrono Boost)  
  15  0:38  Probe (Chrono Boost)  
  16  0:48  Probe (Chrono Boost)  
  17  0:59  Probe (Chrono Boost)  
  18  1:04  Nexus  
  18  1:10  Probe (Chrono Boost)  
  19  1:21  Probe (Chrono Boost)  
  19  1:23  Gateway  
  21  1:32  Probe (Chrono Boost)  
  21  1:35  Assimilator  
  21  1:37  Assimilator  
  21  1:43  Probe (Chrono Boost)  
  22  1:54  Probe (Chrono Boost)  
  23  1:55  Pylon  
  23  2:13  Probe (Chrono Boost)  
  24  2:15  Cybernetics Core  
  24  2:19  Probe (Chrono Boost)  
  24  2:22  Zealot  
  27  2:24  Probe (Chrono Boost)  
  27  2:29  Probe (Chrono Boost)  
  29  2:34  Probe (Chrono Boost)  
  30  2:40  Probe (Chrono Boost)  
  31  2:45  Probe (Chrono Boost)  
  31  2:50  Probe (Chrono Boost), Pylon  
  33  2:52  Warp Gate  
  33  2:56  Mothership Core (Chrono Boost)  
  35  3:01  Stargate, Probe (Chrono Boost)  
  36  3:11  Probe (Chrono Boost)  
  36  3:14  Gateway  
  36  3:18  Pylon  
  36  3:23  Probe (Chrono Boost)  
  36  3:24  Probe (Chrono Boost)  
  39  3:34  Probe (Chrono Boost)  
  39  3:39  Oracle  
  41  3:55  Pylon  
  41  4:02  Probe (Chrono Boost)  
  42  4:03  Probe (Chrono Boost)  
  42  4:08  Gateway  
  42  4:09  Robotics Facility  
  43  4:14  Probe x2 (Chrono Boost)  
  45  4:24  Assimilator x2  
  45  4:25  Probe (Chrono Boost)  
  45  4:26  Probe (Chrono Boost)  
  45  4:27  Phoenix  
  49  4:35  Probe (Chrono Boost)  
  51  4:38  Probe (Chrono Boost), Zealot  
  53  4:46  Probe (Chrono Boost)  
  53  4:50  Probe (Chrono Boost)  
  55  4:56  Probe (Chrono Boost), Immortal  
  55  4:59  Phoenix  
  60  5:02  Probe (Chrono Boost)  
  63  5:08  Probe (Chrono Boost)  
  65  5:14  Probe (Chrono Boost)  
  65  5:21  Sentry x2  
  65  5:23  Probe (Chrono Boost)  
  65  5:27  Forge  
  70  5:29  Gateway  
  70  5:40  Pylon  
  70  5:43  Pylon  
  70  5:44  Nexus  
  70  5:53  Oracle  
  70  5:59  Probe (Chrono Boost)  
  70  6:00  Probe (Chrono Boost)  
  70  6:01  Immortal  
  79  6:04  Protoss Ground Weapons Level 1  
  79  6:21  Photon Cannon, Pylon  
  79  6:23  Gateway x2  
  78  6:39  Pylon x2  
  78  6:40  Immortal, Stalker x4  
  90  6:47  Pylon  
  90  6:50  Robotics Bay  
  90  6:53  Probe x2 (Chrono Boost)  
  92  6:57  Probe (Chrono Boost)  
  93  7:05  Probe x2 (Chrono Boost)  
  93  7:06  Assimilator, Stalker x2  
  93  7:07  Assimilator, Probe (Chrono Boost)  
  100  7:15  Twilight Council  
  100  7:17  Probe x2 (Chrono Boost)  
  100  7:20  Zealot  
  104  7:26  Probe (Chrono Boost)  
  104  7:27  Extended Thermal Lance  
  104  7:29  Probe (Chrono Boost)  
  106  7:32  Colossus  
  106  7:35  Pylon  
  112  7:47  Robotics Facility  
  112  7:49  Probe (Chrono Boost)  
  112  7:50  Probe (Chrono Boost)  
  114  7:55  Blink  
  114  7:56  Probe (Chrono Boost)  
  115  8:03  Pylon  
  115  8:04  Protoss Ground Weapons Level 2  
  115  8:21  Sentry  
  115  8:22  Sentry x2  
  115  8:23  Nexus  
  115  8:26  Pylon, Warp Prism  
  121  8:27  Pylon  
  123  8:34  Observer  
  123  8:39  Probe x2 (Chrono Boost)  
  125  8:49  Stalker x3  
  125  8:53  Colossus  
  137  8:56  Zealot x2  
  147  9:15  Probe x2 (Chrono Boost)  
  121  9:38  Stalker x2  
  121  9:39  Stalker  
  121  9:44  Colossus  
  96  9:58  Pylon x2  
  88  10:02  Gateway  
  88  10:04  Gateway  
  88  10:06  Zealot x3  
  94  10:08  Gateway  
  94  10:10  Gateway  
  93  10:19  Zealot  
  74  10:30  Stalker x2  
Show
View Real Time Build Order
Export as new Build Order

Mørtebianca Protoss 

Build Orders:  

Get SALT Encoding   

  12  0:01  Drone  
  13  0:08  Drone  
  14  0:17  Overlord  
  14  0:35  Drone  
  14  0:36  Drone x2  
  17  0:55  Hatchery  
  16  0:58  Drone  
  16  1:02  Extractor  
  16  1:03  Drone  
  17  1:18  Spawning Pool  
  16  1:21  Drone  
  16  1:25  Drone  
  18  1:29  Drone  
  19  1:40  Overlord  
  19  1:51  Drone  
  20  2:02  Drone  
  20  2:04  Queen  
  20  2:05  Metabolic Boost  
  23  2:12  Queen  
  25  2:16  Drone  
  25  2:19  Zergling x2  
  28  2:22  Zergling x2  
  28  2:27  Drone  
  28  2:28  Drone  
  30  2:35  Zergling x2  
  31  2:53  Drone x3  
  31  2:55  Drone  
  31  2:57  Hatchery  
  34  3:00  Drone  
  35  3:06  Drone  
  36  3:15  Overlord  
  36  3:23  Overlord  
  36  3:31  Hatchery  
  34  3:49  Spore Crawler  
  34  3:50  Spore Crawler  
  34  3:51  Drone x7  
  38  3:58  Drone x2  
  38  3:59  Drone  
  38  4:00  Queen  
  38  4:01  Queen  
  44  4:10  Extractor  
  44  4:12  Drone x3  
  44  4:15  Overlord  
  46  4:19  Drone x2  
  46  4:20  Extractor  
  47  4:26  Spine Crawler  
  47  4:29  Drone  
  47  4:30  Drone x2  
  47  4:31  Drone  
  50  4:32  Drone  
  51  4:43  Drone x2  
  51  4:44  Drone x4  
  51  4:45  Drone  
  58  4:52  Drone  
  58  4:53  Drone x2  
  58  4:54  Drone x2  
  62  5:00  Spore Crawler  
  58  5:10  Drone x4  
  58  5:11  Drone  
  62  5:21  Drone x3  
  62  5:27  Roach Warren  
  62  5:28  Extractor, Lair  
  62  5:29  Drone x3  
  62  5:30  Zergling x2  
  62  5:31  Zergling x6  
  62  5:32  Zergling x2  
  70  5:37  Drone  
  70  5:38  Drone  
  72  5:44  Evolution Chamber  
  72  5:47  Evolution Chamber  
  70  6:02  Overlord x2  
  70  6:06  Spore Crawler  
  69  6:14  Extractor  
  69  6:15  Extractor, Overlord x3  
  69  6:16  Overlord x2, Spine Crawler  
  62  6:41  Hydralisk Den  
  61  6:47  Drone x2  
  61  6:48  Drone  
  61  6:49  Zerg Missile Weapons Level 1  
  61  6:50  Zerg Ground Armor Level 1  
  61  6:51  Glial Reconstitution  
  61  6:53  Queen  
  66  6:57  Drone x3  
  66  6:58  Drone x3, Queen  
  66  6:59  Overlord x2  
  66  7:00  Roach  
  66  7:01  Roach x10  
  96  7:02  Roach  
  96  7:04  Roach  
  96  7:07  Roach  
  104  7:08  Roach  
  103  7:17  Drone  
  103  7:18  Drone  
  105  7:32  Overseer x4  
  105  7:34  Hydralisk x8  
  121  7:40  Muscular Augments  
  121  7:58  Drone x3  
  121  8:00  Drone  
  121  8:01  Spore Crawler x2  
  121  8:02  Spine Crawler  
  121  8:05  Spine Crawler  
  117  8:09  Hydralisk  
  117  8:11  Overlord x3  
  119  8:13  Overlord x2  
  119  8:15  Burrow  
  119  8:16  Tunneling Claws  
  119  8:24  Infestation Pit  
  119  8:26  Zergling x4  
  120  8:27  Overlord  
  120  8:41  Hydralisk x7  
  134  8:50  Pneumatized Carapace  
  134  8:51  Zergling x2  
  134  8:52  Zergling x12  
  140  9:05  Lurker Den  
  140  9:08  Ravager  
  140  9:09  Ravager x6  
  148  9:10  Ravager  
  148  9:13  Zergling x2  
  148  9:14  Zergling x16  
  136  9:39  Hydralisk x2  
  136  9:40  Zergling x2  
  136  9:41  Drone x2, Zergling x12  
  110  9:56  Hydralisk x4  
  110  9:57  Hydralisk x2  
  119  10:03  Hydralisk x2  
  119  10:05  Zergling x6  
  124  10:17  Hydralisk  
  124  10:18  Hydralisk x3  
  124  10:19  Zergling x4  
  124  10:20  Zergling x2  
  132  10:24  Zergling x6  
  134  10:31  Roach x3  
  134  10:32  Roach  
  134  10:35  Zergling x4  
Show
View Real Time Build Order
Export as new Build Order

Bärle Zerg 

Build Orders:  

Get SALT Encoding   

Show
View Real Time Build Order
Export as new Build Order

Jhyrachy Zerg 

Build Orders:  

Get SALT Encoding   

Tags
 
Add a new tag
Caveats
  • Supply blocks, unpowered buildings, or Contaminate may cause inaccurate times.
  • Supply counts are checked every 10 seconds.